 Dungeon Crawl Stone Soup version 0.32-a0-42-ga30500b4d3 (webtiles) character file.

Game seed: 6747775271510248120

11 lunkers the Cutter (level 2, -2/22 HPs)
             Began as a Vampire Gladiator on Jan 31, 2024.
             Killed from afar by Jessica (12 damage)
             ... with a puff of flame
             ... on level 2 of the Dungeon.
             The game lasted 00:00:31 (130 turns).

lunkers the Cutter (Vampire Gladiator)               Turns: 130, Time: 00:00:32

Health: -2/22      AC:  4    Str: 13    XL:     2   Next: 13%
Magic:  2/2        EV: 12    Int: 10    God:
Gold:   19         SH:  0    Dex: 15    Spells: 1/1 levels left

rFire   . . .        a - +0 rapier
rCold   . . .        (no shield)
rNeg    . . .        b - +0 leather armour
rPois   .            c - +0 helmet
rElec   .            (no cloak)
rCorr   .            (no gloves)
SInv    +            (no boots)
Will    .....        (no amulet)
Stlth   +            (no ring)
HPRegen 0.43/turn    (no ring)
MPRegen 0.08/turn

%: no passive effects
@: lethally poisoned (-2 -> -10), healing quickly
A: alive, fangs 3, see invisible, vampiric 1
a: Exsanguinate


You were on level 2 of the Dungeon.
You visited 1 branch of the dungeon, and saw 2 of its levels.

You collected 19 gold pieces.

Inventory:

Hand Weapons
 a - a +0 rapier (weapon)
Missiles
 d - a throwing net
 e - a javelin
Armour
 b - a +0 leather armour (worn)
 c - a +0 helmet (worn)
 g - a +0 tower shield
Potions
 f - 2 potions of enlightenment {unknown}


   Skills:
 - Level 1.7 Fighting
 + Level 4.0 Short Blades
 - Level 1.5 Throwing
 - Level 3.2 Dodging


You had one spell level left.
You didn't know any spells.
Your spell library was empty.

Dungeon Overview and Level Annotations

Branches:
Dungeon (2/15)

Altars:

Annotations:
D:2 Jessica


Innate Abilities, Weirdness & Mutations

Your natural rate of healing is accelerated.
You have razor-sharp teeth.
You have supernaturally acute eyesight. (SInv)
You are afflicted with vampirism.


Message History

Jessica the Apprentice Sorceress comes into view.
She is wielding a +1 dagger of venom and carrying a wand of flame.
Jessica shouts!
Jessica mumbles some strange words.
Jessica blinks!
No target in view!
No target in view!
No target in view!
You aren't carrying any items that you can evoke.
Unknown command.
d - 4 throwing nets (gained 1)
You see here a +0 tower shield.
g - a +0 tower shield Throw: 4 throwing nets
Press: ? - help, Shift-Dir - straight line, f - Jessica
Aim: Jessica, wielding a +1 dagger of venom, wearing a +0 robe and carrying a wand of flame (54% to hit)
You throw a throwing net.
The throwing net closely misses Jessica.
Jessica mumbles some strange words.
Jessica seems to speed up.
Throw: 3 throwing nets
Press: ? - help, Shift-Dir - straight line, f/p - Jessica
Aim: Jessica, wielding a +1 dagger of venom, wearing a +0 robe and carrying a wand of flame (fast, 54% to hit)
You throw a throwing net. The throwing net barely misses Jessica.
Jessica hits you with a +1 dagger of venom.
You are poisoned.
Throw: 2 throwing nets
Press: ? - help, Shift-Dir - straight line, f/p - Jessica
Aim: Jessica, wielding a +1 dagger of venom, wearing a +0 robe and carrying a wand of flame (fast, 54% to hit)
You throw a throwing net. The throwing net hits Jessica.
Jessica is caught in the net!
* * * LOW HITPOINT WARNING * * *
You feel very sick.
Jessica struggles against the net. x2
You hit Jessica.
Jessica is moderately wounded.
* * * LOW HITPOINT WARNING * * *
You feel very sick.
Jessica zaps a wand.
The puff of flame hits you!
Ouch! That really hurt!
You die...

# . ##. #.... .. #....
##.# . #.... #.. #.#....#
#.# . #.......###.#
###...#
#........##@##........
.......#.#.@#.........
......†...............
......................
.......#....###.....#
..........#.......#
#......##.#.......#######
#..........(.#.#........#
...........###....).....#


You could see Jessica (fast, caught).

Vanquished Creatures
  A ribbon worm (D:2)
  A goblin (D:2)
  A hobgoblin (D:2)
  A quokka (D:1)
  2 ball pythons (D:1)
  2 frilled lizards (D:2)
  A kobold (D:2)
9 creatures vanquished.

Notes
Turn   | Place    | Note
-------+----------+-------------------------------------------
     0 | D:1      | lunkers the Vampire Gladiator began the quest for the Orb.
     0 | D:1      | Reached XP level 1. HP: 16/16 MP: 1/1
    33 | D:1      | You fall into a shaft and drop 1 floor!
    94 | D:2      | Reached XP level 2. HP: 22/22 MP: 2/2
   117 | D:2      | Reached skill level 4 in Short Blades
   118 | D:2      | Noticed Jessica
   130 | D:2      | Killed from afar by Jessica

Illustrated notes

Levels and vault maps discovered:
D:1:      ebering_hopf_link, layout_loops_ring, minmay_pentomino_r4
D:2:      layout_rooms, serial_shops, nicolae_shop_trees,
          nicolae_shop_waterfront, basic_altar, uniq_jessica, uniq_terence

Skill      XL: |  1  2 |
---------------+-------+-----
Short Blades   | 4 |  4.0
Fighting       | |  1.7
Throwing       | |  1.5
Dodging        | |  3.2

Action                     || total
---------------------------++-------
  Melee: Rapier            ||    21
         Bite              ||     3
  Throw: Throwing net      ||     3
 Armour: Leather armour    ||    11
  Dodge: Dodged            ||     5

Table legend: (Time is in decaauts)
 A = Elapsed time spent in this place.
 B = Non-inter-level travel time spent in this place.
 C = Inter-level travel time spent in this place.
 D = Time resting spent in this place.
 E = Time spent auto-exploring this place.
 F = Levels seen in this place.
 G = Mean time per level.
                   A        B        C        D        E       F      G
               +--------+--------+--------+--------+--------+-----+--------+
         Total |    130 |    130 |      0 |      0 |     64 |   2 |   65.0 |
       Dungeon |    130 |    130 |      0 |      0 |     64 |   2 |   65.0 |
               +--------+--------+--------+--------+--------+-----+--------+

Top non-repeatable levels by time:
     D:2: 96 daAuts
     D:1: 33 daAuts
